 Dungeon Crawl Stone Soup version 0.25-a0-558-g78a2afb0af (webtiles) character file.

Game seed: 7218683912933856092, levelgen mode: deterministic

20915 An17 the Brawler (level 12, -5/103 HPs)
             Began as a Ghoul Monk on Feb 25, 2020.
             Was an Elder of Ru.
             Killed from afar by a wizard (17 damage)
             ... with a lance of force
             ... on level 12 of the Dungeon.
             The game lasted 00:38:57 (10090 turns).

An17 the Brawler (Ghoul Monk)                      Turns: 10090, Time: 00:38:57

Health: -5/103     AC:  5    Str: 20    XL:     12   Next: 84%
Magic:  11/11      EV: 12    Int:  5    God:    Ru [****..]
Gold:   880        SH:  2    Dex: 11    Spells: 11/11 levels left

rFire    . . .     SeeInvis +     - Unarmed
rCold    + + .     Gourm    .   (no shield)
rNeg     + + +     Faith    .   (no armour)
rPois    ∞         Spirit   .   n - +2 helmet
rElec    .         Reflect  +   B - +1 cloak
rCorr    .         Harm     .   (no gloves)
MR       .....                  (no boots)
Stlth    ..........             d - +2 amulet of reflection
HPRegen  0.00/turn              j - ring of see invisible
MPRegen  0.12/turn              r - ring of protection from cold

@: about to teleport, overwhelmed with horror, no scrolls, rotting
A: rotting body, claws 1, carnivore, cold resistance 1, negative energy
resistance 3, inhibited regeneration, torment resistance, unbreathing, inability
to read while threatened, no stealth, cowardly, no air magic, no necromancy
magic, no summoning magic
a: Draw Out Power, Power Leap, Renounce Religion


You were on level 12 of the Dungeon.
You worshipped Ru.
Ru was greatly pleased with you.
You were not hungry.

You visited 2 branches of the dungeon, and saw 13 of its levels.
You also visited: Sewer, Ossuary, Bailey and Gauntlet.

You collected 880 gold pieces.

Inventory:

Hand Weapons
 I - the +7 rapier of Guile {vorpal, rC- Int+6}
   (You took it off an orc warrior on level 10 of the Dungeon)

   It inflicts extra damage upon your enemies.
   It affects your intelligence (+6).
   It makes you vulnerable to cold.
Missiles
 F - a throwing net (quivered)
 N - 4 boomerangs
Armour
 c - the +15 Maxwell's patent armour {-Cast -Tele rElec MR+ rCorr}
   (You found it on level 6 of the Dungeon)

   It insulates you from electricity.
   It affects your resistance to hostile enchantments.
   It prevents spellcasting.
   It prevents most forms of teleportation.
   It provides partial protection from all sources of acid and corrosion.
   If you switch to wearing this armour, your AC will increase by 29 (5 -> 34).
 n - a +2 helmet (worn)
 t - a +2 plate armour of fire resistance
 B - a +1 cloak (worn)
 H - a +0 troll leather armour
 J - a +3 chain mail
Jewellery
 d - a +2 amulet of reflection (around neck)
 j - a ring of see invisible (left claw)
 r - a ring of protection from cold (right claw)
Wands
 i - a wand of disintegration (13)
 k - a wand of polymorph (7)
 l - a wand of flame (32)
 x - a wand of clouds (5)
 E - a wand of paralysis (9)
 K - a wand of iceblast (5)
Scrolls
 f - 3 scrolls of identify
 g - 4 scrolls of fear
 m - 5 scrolls of enchant weapon
 o - 4 scrolls of remove curse
 q - 9 scrolls of teleportation
 w - 2 scrolls of immolation
 y - 2 scrolls of vulnerability
 C - 7 scrolls of amnesia
 G - a scroll of blinking
Potions
 a - 3 potions of ambrosia
 e - 7 potions of curing
 h - 4 potions of heal wounds
 p - 2 potions of mutation {unknown}
 s - 2 potions of might
 u - 3 potions of stabbing
 v - 2 potions of brilliance
 z - 2 potions of flight
 A - a potion of magic
 L - a potion of resistance {unknown}
Miscellaneous
 M - a phantom mirror
Comestibles
 b - 21 rations
 D - 6 chunks of flesh


   Skills:
 * Level 8.8 Fighting
 * Level 8.1 Armour
 - Level 2.6 Dodging
 * Level 18.0 Unarmed Combat


You had 11 spell levels left.
You didn't know any spells.
Your spell library contained the following spells:

 Spells                   Type           Power        Failure   Level  Hunger
 Apportation              Tloc           #.....       47%         1    ##.....
 Corona                   Hex            #......      47%         1    ##.....
 Freeze                   Ice            #...         47%         1    ##.....
 Frozen Ramparts          Ice            #.....       85%         3    ####...
 Ozocubu's Armour         Chrm/Ice       #.......     85%         3    ####...
 Hailstorm                Conj/Ice       #.......     99%         4    #####..
 Animate Skeleton         Necr           Unusable     N/A         1    N/A
 Summon Small Mammal      Summ           Unusable     N/A         1    N/A
 Summon Ice Beast         Ice/Summ       Unusable     N/A         4    N/A

Dungeon Overview and Level Annotations

Branches:
Dungeon (12/15)            Temple (1/1) D:5            Lair (0/6) D:8
    Orc (0/2) D:10          Sewer (visited)         Ossuary (visited)
 Bailey (visited)         Gauntlet (visited)

Altars:
Ashenzari
Cheibriados
Dithmenos
Elyvilon
Fedhas
Gozag
Hepliaklqana
Makhleb
Nemelex Xobeh
Qazlal
Ru
Sif Muna
Trog
Uskayaw
Wu Jian
Xom
Yredelemnul
Zin
The Shining One

Shops:
D:5 [   D:9 %

Annotations:
D:5 1 runed translucent door, daodarkstar's ghost, novice DsFi


Innate Abilities, Weirdness & Mutations

Your body is rotting away.
You thrive on raw meat.
You are immune to poison.
You have sharp fingernails.
You are carnivorous and can eat meat at any time.
Your flesh is cold resistant. (rC+)
You are immune to negative energy. (rN+++)
You do not regenerate when monsters are visible.
You are immune to unholy pain and torment.
You can survive without breathing.
You cannot read scrolls while threatened.
You cannot be stealthy.
Your cowardice makes you less effective in combat with threatening monsters.
You cannot study or cast Air magic.
You cannot study or cast Necromancy magic.
You cannot study or cast Summoning magic.


Message History

The wizard blinks!
The ogre mage begins to cast a spell, but is stunned by your will!
The ogre mage gestures at you while chanting.
You resist with significant effort. The ogre mage casts a spell at you.
The bolt of lightning hits you!!
You feel threatened and lose the ability to read scrolls!
* * * LOW HITPOINT WARNING * * *
The ogre mage begins to cast a spell, but is stunned by your will!
The ogre mage gestures at you while chanting.
You resist with significant effort.
The ogre mage gestures wildly while chanting.
The ogre mage seems to speed up.
The deep elf mage begins to cast a spell, but is stunned by your will!
Monsters!
Monsters everywhere!
You have to get out of here!
You cannot read scrolls in your current state!
The ogre mage is no longer moving quickly.
The wizard casts a spell at you. The lance of force hits you!
You die... #≈..##.....# .#...8 ##..#......# . .#... ##≈..#......#.. .O#. #≈...#......'.. pOp

###...#......#.. ≈s
###≈....#......# .
#.####§#....#########
..≈#≈#.#≈#≈.....##
#.....OpOO.@...##
########.e.p.###
#######


You could see 3 ogre magi, a deep elf mage and 2 wizards.

Vanquished Creatures
  Harold (D:9)
  A death knight (D:11)
  6 death yaks
  A two-headed ogre (D:9)
  A tengu warrior (D:11)
  An unseen horror (D:12)
  An ugly thing (D:10)
  A kobold demonologist (D:11)
  A komodo dragon (D:11)
  2 freezing wraiths (D:11)
  A troll (D:9)
  4 hippogriffs
  A vampire (D:12)
  11 yaks
  2 wraiths
  A wyvern (D:11)
  A human (D:7)
  3 hungry ghosts
  Grum (D:10)
  A hog (D:7)
  2 soldier ants
  2 water moccasins (D:11)
  A warg (D:10)
  18 orc warriors
  4 ice beasts
  2 black bears
  A phantom (D:8)
  A sky beast (D:9)
  4 ogres
  An eye of draining (D:11)
  2 wolves (D:10)
  A necrophage (D:7)
  A centaur (D:6)
  3 bullfrogs
  9 big kobolds
  An elf skeleton (D:6)
  A wyvern skeleton (D:9)
  13 scorpions
  A killer bee (D:8)
  7 wights (D:9)
  2 howler monkeys
  2 crimson imps
  5 centaur zombies
  A bullfrog zombie (D:10)
  8 hounds
  7 jellies
  8 orc priests
  14 orc wizards
  2 bullfrog skeletons
  6 centaur skeletons
  2 human skeletons (D:6)
  4 iguanas
  12 worker ants
  3 big kobold zombies (Ossuary)
  A hound skeleton (D:11)
  3 mummies (Ossuary)
  Robin (D:3)
  3 gnolls (D:3)
  A howler monkey skeleton (D:4)
  9 adders
  2 river rats (D:5)
  4 scorpion zombies (Ossuary)
  3 shadow imps
  2 oozes (D:3)
  2 adder skeletons
  2 worms
  A dart slug (D:1)
  7 leopard geckos
  77 orcs
  10 ball pythons
  11 giant cockroaches
  9 goblins
  10 hobgoblins
  2 jackals (D:2)
  6 quokkas
  6 bats
  A frilled lizard (D:4)
  2 gnoll zombies (Ossuary)
  3 goblin zombies (Ossuary)
  2 hobgoblin zombies (Ossuary)
  27 kobolds
  2 kobold zombies (Ossuary)
  2 orc skeletons (D:6)
  3 orc zombies
  8 rats
415 creatures vanquished.

Vanquished Creatures (others)
  A scorpion (Ossuary)
  2 orcs
  2 goblins (D:11)
  2 withered plants (D:5)
7 creatures vanquished.

Grand Total: 422 creatures vanquished

Notes
Turn   | Place    | Note
-------+----------+-------------------------------------------
     0 | D:1      | An17 the Ghoul Monk began the quest for the Orb.
     0 | D:1      | Reached XP level 1. HP: 19/19 MP: 0/0
   340 | D:1      | Reached XP level 2. HP: 25/25 MP: 1/1
   512 | D:1      | Reached skill level 4 in Unarmed Combat
  1044 | D:2      | Reached XP level 3. HP: 31/32 MP: 2/2
  1100 | D:2      | Found a faded altar of an unknown god.
  1181 | D:2      | Found a blossoming altar of Fedhas.
  1230 | D:2      | Noticed an ogre
  1239 | D:2      | Killed an ogre
  1239 | D:2      | Reached skill level 5 in Unarmed Combat
  1239 | D:2      | Reached XP level 4. HP: 14/40 MP: 3/3
  1239 | D:2      | Reached XP level 5. HP: 16/46 MP: 4/4
  1757 | D:3      | Noticed Robin
  1781 | D:3      | Killed Robin
  1822 | D:3      | Reached skill level 1 in Armour
  1822 | D:3      | Reached skill level 6 in Unarmed Combat
  1949 | D:3      | Reached XP level 6. HP: 47/53 MP: 5/5
  1994 | D:3      | Found a white marble altar of Elyvilon.
  2370 | D:4      | Reached skill level 7 in Unarmed Combat
  2505 | D:4      | Reached XP level 7. HP: 38/60 MP: 6/6
  2548 | D:4      | Found a glowing golden altar of the Shining One.
  2792 | D:5      | Entered Level 5 of the Dungeon
  2796 | D:5      | Found a staircase to the Ecumenical Temple.
  2810 | Temple   | Entered the Ecumenical Temple
  2846 | Temple   | Became a worshipper of Ru the Awakened
  2853 | Temple   | Gained mutation: You cannot be stealthy. [Ru sacrifice]
  2933 | D:5      | Reached skill level 8 in Unarmed Combat
  2981 | D:5      | Found a glowing drain.
  2988 | Sewer    | Entered a sewer
  3023 | Sewer    | Reached skill level 5 in Fighting
  3466 | D:5      | Noticed daodarkstar's ghost (novice DsFi)
  3469 | D:5      | Found a runed translucent door.
  3517 | D:5      | Reached skill level 9 in Unarmed Combat
  3517 | D:5      | Reached XP level 8. HP: 30/68 MP: 7/7
  3777 | D:5      | Found Soyffup's Armour Shop.
  4048 | D:6      | Reached skill level 10 in Unarmed Combat
  4051 | D:6      | Found a sand-covered staircase.
  4070 | Ossuary  | Entered an ossuary
  4163 | Ossuary  | Gained mutation: Your cowardice makes you less effective in
                  | combat with threatening monsters. [Ru sacrifice]
  4163 | Ossuary  | Reached * piety under Ru
  4163 | Ossuary  | Reached ** piety under Ru
  4345 | Ossuary  | Reached XP level 9. HP: 55/75 MP: 8/8
  4356 | Ossuary  | Reached skill level 11 in Unarmed Combat
  4560 | D:6      | Found a blossoming altar of Fedhas.
  4817 | D:6      | Found the +15 Maxwell's patent armour {-Cast -Tele rElec
                  | MR+ rCorr}
  5037 | D:6      | Found a snail-covered altar of Cheibriados.
  5328 | D:6      | Found a burning altar of Makhleb.
  5411 | D:7      | Reached skill level 12 in Unarmed Combat
  5500 | D:7      | Found a basalt altar of Yredelemnul.
  5500 | D:7      | Found an opulent altar of Gozag.
  5713 | D:7      | Reached XP level 10. HP: 38/84 MP: 9/9
  5752 | D:7      | Reached skill level 13 in Unarmed Combat
  5917 | D:7      | Gained mutation: You cannot read scrolls while threatened.
                  | [Ru sacrifice]
  5917 | D:7      | Reached *** piety under Ru
  6198 | D:8      | Noticed a death yak
  6198 | D:8      | Noticed a death yak
  6199 | D:8      | Noticed a death yak
  6205 | D:8      | Noticed a death yak
  6235 | D:7      | Killed a death yak
  6244 | D:8      | Noticed a death yak
  6262 | D:7      | Killed a death yak
  6262 | D:7      | Reached skill level 14 in Unarmed Combat
  6283 | D:7      | Killed a death yak
  6283 | D:7      | Reached skill level 5 in Armour
  6303 | D:8      | Noticed a death yak
  6325 | D:7      | Killed a death yak
  6325 | D:7      | Reached XP level 11. HP: 48/91 MP: 10/10
  6336 | D:7      | Killed a death yak
  6336 | D:7      | Reached skill level 15 in Unarmed Combat
  6364 | D:8      | Killed a death yak
  6796 | D:8      | Found a staircase to the Lair.
  7011 | D:9      | Noticed a two-headed ogre
  7041 | D:9      | Killed a two-headed ogre
  7074 | D:9      | Found Jemuoky's Food Shoppe.
  7079 | D:9      | Noticed Harold
  7099 | D:9      | Killed Harold
  7270 | D:9      | Reached skill level 16 in Unarmed Combat
  7523 | D:9      | Found a sparkling altar of Nemelex Xobeh.
  7606 | D:10     | Entered Level 10 of the Dungeon
  7606 | D:10     | Found a staircase to the Orcish Mines.
  7752 | D:10     | Identified the +7 rapier of Guile {vorpal, rC- Int+6}
  7765 | D:10     | Noticed Grum
  7794 | D:10     | Killed Grum
  8045 | D:10     | Noticed a brown ugly thing
  8064 | D:10     | Killed a brown ugly thing
  8064 | D:10     | Reached XP level 12. HP: 81/101 MP: 11/11
  8704 | D:11     | Found a gate leading to a gauntlet.
  8715 | Gauntlet | Entered a Gauntlet
  8715 | Gauntlet | Found a transporter.
  8796 | D:11     | Gained mutation: You cannot study or cast Air magic. [Ru
                  | sacrifice]
  8796 | D:11     | Gained mutation: You cannot study or cast Necromancy magic.
                  | [Ru sacrifice]
  8796 | D:11     | Gained mutation: You cannot study or cast Summoning magic.
                  | [Ru sacrifice]
  8796 | D:11     | Reached **** piety under Ru
  8858 | D:11     | Reached skill level 17 in Unarmed Combat
  8906 | D:11     | Noticed a death knight
  8920 | D:11     | Killed a death knight
  9005 | D:11     | Found a flagged portal.
  9036 | Bailey   | Entered a bailey
  9457 | D:11     | Noticed a tengu warrior
  9469 | D:11     | Killed a tengu warrior
  9920 | D:12     | Reached skill level 18 in Unarmed Combat
 10057 | D:12     | Noticed an ogre mage
 10061 | D:12     | Noticed an ogre mage
 10061 | D:12     | Noticed an ogre mage
 10061 | D:12     | Noticed an ogre mage
 10090 | D:12     | Killed from afar by a wizard

Levels and vault maps discovered:
D:1:      sevenhm_arrival_forest_fort_large_1, layout_basic, glass_columns_b,
          minmay_domino_2
D:2:      layout_basic, chequers_ecumenical_altar_grove, first_ration,
          fedhas_altar_4
D:3:      layout_basic, hangedman_decor_push, elyvilon_altar_5, uniq_robin
D:4:      layout_cave_pools, overflow_temple_1_default,
          hangedman_abyss_or_decor_stagger
D:5:      layout_basic, minmay_temple_entry_purple_smoke, portal_sewer_entry_e,
          gammafunk_ghost_grave, serial_shops, shop_fountains
D:6:      layout_loops_cross, makhleb_heckhound_becter, lemuel_crystal_altar,
          nicolae_ossuary_entry_catacombs, chei_slow_surprise
D:7:      layout_basic, gammafunk_temple_overflow_pools, grunt_livestock,
          minmay_liquid_box
D:8:      layout_gridville, dpeg_lair_monsters, minmay_starry_boxes
D:9:      layout_basic, nemelex_xobeh_ov_fountains_minmay, serial_shops, shop,
          uniq_harold
D:10:     layout_loops_corners, david_orc_3, small_statue_intersection,
          uniq_grum
D:11:     layout_roguey, enter_bailey_3, gauntlet_entry_generic, special_room
          [special_room_kobold]
D:12:     layout_grid_maze, hex_large, minivault_14, minmay_guarded_unrand_prune
Temple:   kb_temple_of_zot

Skill      XL: |  1  2  3  4  5  6  7  8  9 10 11 12 |
---------------+-------------------------------------+-----
Unarmed Combat | 4 5 6 7 9 10 12 14 16 18 | 18.0
Fighting       | 4 5 6 7 8 |  8.8
Armour         | 1 2 4 5 7 8 |  8.1
Stealth        | 0 |  0.0
Dodging        | |  2.6

Action                   |  1- 3 |  4- 6 |  7- 9 | 10-12 || total
-------------------------+-------+-------+-------+-------++-------
Melee: Unarmed           |    74 |   169 |   524 |   720 ||  1487
       Punch             |     2 |     1 |    18 |    27 ||    48
Invok: Sacrifice Stealth |       |       |     1 |       ||     1
       Sacrifice Courage |       |       |     1 |       ||     1
       Sacrifice Words   |       |       |       |     1 ||     1
       Sacrifice Arcana  |       |       |       |     1 ||     1
Evoke: Wand              |       |       |       |     1 ||     1
  Use: Scroll            |     3 |     7 |     8 |     5 ||    23
       Potion            |       |       |     1 |     3 ||     4
 Stab: Sleeping          |     1 |       |       |       ||     1
       Distracted        |       |       |     2 |     2 ||     4
  Eat: Chunk             |     7 |    16 |    42 |   107 ||   172
Armor: Robe              |     5 |       |       |       ||     5
       Scale mail        |    19 |     9 |       |       ||    28
       Chain mail        |       |    69 |   222 |       ||   291
       Plate armour      |       |       |    80 |   526 ||   606
Dodge: Dodged            |    22 |    59 |   141 |   214 ||   436
Block: Other             |     2 |     9 |    35 |    34 ||    80

Table legend:
 A = Non-vault XP
 B = Vault XP
 C = Vault XP percentage of total XP
 D = Non-vault monster count
 E = Vault monster count
 F = Vault count percentage of total count
                 A         B        C        D         E       F
            +---------+---------+-------+---------+---------+-------
      Total |   18568 |   11311 |  37.9 |     289 |     125 |  30.2
            +---------+---------+-------+---------+---------+-------
        D:1 |      24 |       7 |  22.6 |      14 |       5 |  26.3
        D:2 |     183 |       0 |   0.0 |      16 |       0 |   0.0
        D:3 |     132 |      29 |  18.0 |      19 |       8 |  29.6
        D:4 |     313 |       0 |   0.0 |      14 |       0 |   0.0
        D:5 |     578 |      35 |   5.7 |      19 |       8 |  29.6
        D:6 |     937 |     208 |  18.2 |      30 |       8 |  21.1
        D:7 |    1583 |    5384 |  77.3 |      48 |      10 |  17.2
        D:8 |     779 |    1113 |  58.8 |      26 |       5 |  16.1
        D:9 |    2566 |    1028 |  28.6 |      25 |       1 |   3.8
       D:10 |    2627 |     860 |  24.7 |      30 |       9 |  23.1
       D:11 |    5700 |     867 |  13.2 |      31 |      11 |  26.2
       D:12 |    3146 |       0 |   0.0 |      17 |       0 |   0.0
      Sewer |       0 |     215 | 100.0 |       0 |      22 | 100.0
    Ossuary |       0 |     758 | 100.0 |       0 |      30 | 100.0
     Bailey |       0 |     807 | 100.0 |       0 |       8 | 100.0
            +---------+---------+-------+---------+---------+-------
